3AAA
SUNSET DISTRICT FOG @ ATHLETIC CLUB KC RESERVES
08/07/2042
 
TOP OF THE 1ST
Sunset District Fog batting - Pitching for Athletic Club KC Reserves : RHP Billy Fitzgerald Jr.
Pitching: RHP Billy Fitzgerald Jr.
Batting: LHB Jorge Peniche 0-0: Called Strike
0-1: Foul Ball, location: 2F
0-2: Ball
1-2: Ball
2-2: Strikes out swinging
Batting: LHB Flint Myers 0-0: Foul Ball, location: 2F
0-1: Ball
1-1: Fly out, F7 (Line Drive, 7, EV 103.8 MPH)
Batting: RHB A.T. Tappman 0-0: Ball
1-0: Called Strike
1-1: Ball
2-1: Called Strike
2-2: Strikes out swinging
Top of the 1st over - 0 runs, 0 hits, 0 errors, 0 left on base; Sunset District 0 - Athletic Club KC 0
BOTTOM OF THE 1ST
Athletic Club KC Reserves batting - Pitching for Sunset District Fog : LHP Nick Joseph
Pitching: LHP Nick Joseph
Batting: RHB Marcos Quintana 0-0: Fly out, F9 (Flyball, 89D, EV 97.5 MPH)
Batting: SHB Gary Hopkins 0-0: Ball
1-0: Foul Ball, location: 2F
1-1: Ground out 5-3 (Groundball, 56S, EV 82.5 MPH)
Batting: RHB Dick Barnett 0-0: Swinging Strike
0-1: Foul Ball, location: 2F
0-2: Ball
1-2: Ball
2-2: Foul Ball, location: 2F
2-2: Ball
3-2: Foul Ball, location: 2F
3-2: Strikes out looking
Bottom of the 1st over - 0 runs, 0 hits, 0 errors, 0 left on base; Sunset District 0 - Athletic Club KC 0
TOP OF THE 2ND
Sunset District Fog batting - Pitching for Athletic Club KC Reserves : RHP Billy Fitzgerald Jr.
Batting: LHB Bradley Wilson 0-0: Ball
1-0: Ball
2-0: Ball
3-0: Called Strike
3-1: Called Strike
3-2: Base on Balls
Batting: RHB Brandon Wilson 0-0: Ball
1-0: SINGLE (Line Drive, 6M, EV 93.8 MPH)
Bradley Wilson to second
Batting: LHB Juan Fuentes 0-0: SINGLE (Line Drive, 78S, EV 105.0 MPH)
Bradley Wilson to third
Brandon Wilson to second
Batting: RHB Nicodemo Nardone 0-0: Foul Ball, location: 2F
0-1: Foul Ball, location: 2F
0-2: Fly out, F9 (Line Drive, 9, EV 86.2 MPH)
Runner from 3rd tags up, SCORES, throw by RF
Brandon Wilson to third
Batting: RHB Tokaji Heida 0-0: Foul Ball, location: 2F
0-1: Ball
1-1: DOUBLE (Line Drive, 7LM, EV 93.1 MPH)
Brandon Wilson scores
Juan Fuentes to third
Batting: RHB Denis Taylor 0-0: Called Strike
0-1: Ball
1-1: Foul Ball, location: 2F
1-2: Ground out 4-3 (Groundball, 4, EV 87.5 MPH)
Juan Fuentes scores
Tokaji Heida to third
Batting: LHB Jorge Peniche 0-0: Called Strike
0-1: Ball
1-1: Fly out, F8 (Flyball, 8RS, EV 90.0 MPH)
Top of the 2nd over - 3 runs, 3 hits, 0 errors, 1 left on base; Sunset District 3 - Athletic Club KC 0
BOTTOM OF THE 2ND
Athletic Club KC Reserves batting - Pitching for Sunset District Fog : LHP Nick Joseph
Pitching: RHP Steve Henryson
Batting: LHB Oriol Fernández 0-0: Called Strike
0-1: Ball
1-1: Called Strike
1-2: Foul Ball, location: 2F
1-2: Fly out, F7 (Flyball, 7, EV 93.1 MPH)
Batting: SHB Michael Evershed 0-0: Called Strike
0-1: Foul Ball, location: 2F
0-2: Foul Ball, location: 2F
0-2: Strikes out swinging
Batting: LHB Miguel Fernández 0-0: Foul Ball, location: 2F
0-1: Ball
1-1: Called Strike
1-2: Ball
2-2: Ground out 5-3 (Groundball, 56S, EV 83.8 MPH)
Bottom of the 2nd over - 0 runs, 0 hits, 0 errors, 0 left on base; Sunset District 3 - Athletic Club KC 0
TOP OF THE 3RD
Sunset District Fog batting - Pitching for Athletic Club KC Reserves : RHP Billy Fitzgerald Jr.
Batting: LHB Flint Myers 0-0: Called Strike
0-1: Ball
1-1: Ball
2-1: SOLO HOME RUN (Flyball, 9LD, EV 103.1 MPH), Distance : 331 ft
Batting: RHB A.T. Tappman 0-0: Called Strike
0-1: Ball
1-1: Swinging Strike
1-2: Ball
2-2: Ground out 5-3 (Groundball, 56, EV 91.2 MPH)
Batting: LHB Bradley Wilson 0-0: Ball
1-0: Ball
2-0: Foul Ball, location: 2F
2-1: Foul Ball, location: 2F
2-2: Foul Ball, location: 2F
2-2: Ball
3-2: SOLO HOME RUN (Flyball, 9D, EV 91.9 MPH), Distance : 361 ft
Batting: RHB Brandon Wilson 0-0: Foul Ball, location: 2F
0-1: Foul Ball, location: 2F
0-2: Fly out, F9 (Flyball, 9, EV 94.4 MPH)
Batting: LHB Juan Fuentes 0-0: Foul Ball, location: 2F
0-1: Fly out, F9 (Flyball, 89M, EV 95.0 MPH)
Top of the 3rd over - 2 runs, 2 hits, 0 errors, 0 left on base; Sunset District 5 - Athletic Club KC 0
BOTTOM OF THE 3RD
Athletic Club KC Reserves batting - Pitching for Sunset District Fog : RHP Steve Henryson
Batting: LHB Ted Reed 0-0: Called Strike
0-1: Called Strike
0-2: Strikes out swinging
Batting: LHB Thomas Nealy 0-0: Ball
1-0: Foul Ball, location: 2F
1-1: Ball
2-1: Called Strike
2-2: Strikes out swinging
Batting: RHB Gabriel Martínez 0-0: Ball
1-0: Called Strike
1-1: Fly out, F3 (Popup, 3SF, EV 74.4 MPH)
Bottom of the 3rd over - 0 runs, 0 hits, 0 errors, 0 left on base; Sunset District 5 - Athletic Club KC 0
TOP OF THE 4TH
Sunset District Fog batting - Pitching for Athletic Club KC Reserves : RHP Billy Fitzgerald Jr.
Batting: RHB Nicodemo Nardone 0-0: Called Strike
0-1: Ball
1-1: Foul Ball, location: 2F
1-2: DOUBLE (Line Drive, 3D, EV 96.2 MPH)
Pitching: RHP Lucas Thomas
Batting: RHB Tokaji Heida 0-0: Called Strike
0-1: Called Strike
0-2: Ball
1-2: SINGLE (Line Drive, 7S, EV 104.4 MPH)
Nicodemo Nardone to third
Batting: RHB Denis Taylor 0-0: SINGLE (Groundball, 6MD, EV 98.1 MPH)
Nicodemo Nardone scores
Tokaji Heida to second
Runner from 2nd tries for 3rd, SAFE, no throw by CF
Batting: LHB Jorge Peniche 0-0: Ball
1-0: Foul Ball, location: 2F
1-1: Called Strike
1-2: Fly out, F9 (Flyball, 9LS, EV 70.0 MPH)
Batting: LHB Flint Myers 0-0: Called Strike
0-1: Foul Ball, location: 2F
0-2: Strikes out swinging
Batting: RHB A.T. Tappman 0-0: Called Strike
0-1: TRIPLE (Flyball, 89XD, EV 108.1 MPH)
Tokaji Heida scores
Denis Taylor scores
Batting: LHB Bradley Wilson 0-0: Foul Ball, location: 2F
0-1: Called Strike
0-2: Ball
1-2: Strikes out swinging, 2-3 out at first.
Top of the 4th over - 3 runs, 4 hits, 0 errors, 1 left on base; Sunset District 8 - Athletic Club KC 0
BOTTOM OF THE 4TH
Athletic Club KC Reserves batting - Pitching for Sunset District Fog : RHP Steve Henryson
Batting: RHB Marcos Quintana 0-0: Called Strike
0-1: Called Strike
0-2: Strikes out swinging
Batting: SHB Gary Hopkins 0-0: Called Strike
0-1: Foul Ball, location: 2F
0-2: Fly out, F8 (Flyball, 8LM, EV 86.2 MPH)
Batting: RHB Dick Barnett 0-0: Foul Ball, location: 2F
0-1: Foul Ball, location: 2F
0-2: Strikes out swinging
Bottom of the 4th over - 0 runs, 0 hits, 0 errors, 0 left on base; Sunset District 8 - Athletic Club KC 0
TOP OF THE 5TH
Sunset District Fog batting - Pitching for Athletic Club KC Reserves : RHP Lucas Thomas
Batting: RHB Brandon Wilson 0-0: Ground out U3 (Groundball, 3, EV 83.8 MPH)
Batting: LHB Juan Fuentes 0-0: Ball
1-0: Ball
2-0: Ball
3-0: Called Strike
3-1: Called Strike
3-2: Foul Ball, location: 2F
3-2: Foul Ball, location: 2F
3-2: Base on Balls
Batting: RHB Nicodemo Nardone 0-0: Swinging Strike
0-1: Swinging Strike
0-2: Strikes out swinging
Batting: RHB Tokaji Heida 0-0: Called Strike
0-1: Ball
1-1: Fielders Choice at 2nd, 6-4 (Groundball, 6, EV 78.8 MPH)
Top of the 5th over - 0 runs, 0 hits, 0 errors, 1 left on base; Sunset District 8 - Athletic Club KC 0
BOTTOM OF THE 5TH
Athletic Club KC Reserves batting - Pitching for Sunset District Fog : RHP Steve Henryson
Batting: LHB Oriol Fernández 0-0: Ground out 6-3 (Groundball, 6, EV 80.6 MPH)
Batting: SHB Michael Evershed 0-0: Ball
1-0: Called Strike
1-1: Foul Ball, location: 2F
1-2: Foul Ball, location: 2F
1-2: Ball
2-2: Foul Ball, location: 2F
2-2: Strikes out swinging
Batting: LHB Miguel Fernández 0-0: Ball
1-0: Swinging Strike
1-1: Ball
2-1: Ground out 4-3 (Groundball, 4S, EV 86.9 MPH)
Bottom of the 5th over - 0 runs, 0 hits, 0 errors, 0 left on base; Sunset District 8 - Athletic Club KC 0
TOP OF THE 6TH
Sunset District Fog batting - Pitching for Athletic Club KC Reserves : RHP Lucas Thomas
Batting: RHB Denis Taylor 0-0: Ball
1-0: Foul Ball, location: 2F
1-1: Foul Ball, location: 2F
1-2: Foul Ball, location: 2F
1-2: Strikes out swinging
Batting: LHB Jorge Peniche 0-0: Called Strike
0-1: Swinging Strike
0-2: Ball
1-2: SINGLE (Flyball, 89M, EV 95.6 MPH)
Batting: LHB Flint Myers 0-0: Called Strike
0-1: Fielders Choice at 2nd, 1-4 (Groundball, 15, EV 86.9 MPH)
Batting: RHB A.T. Tappman 0-0: Called Strike
0-1: Swinging Strike
0-2: Fly out, F8 (Line Drive, 8RD, EV 95.0 MPH)
Top of the 6th over - 0 runs, 1 hit, 0 errors, 1 left on base; Sunset District 8 - Athletic Club KC 0
BOTTOM OF THE 6TH
Athletic Club KC Reserves batting - Pitching for Sunset District Fog : RHP Steve Henryson
Batting: LHB Ted Reed 0-0: Ball
1-0: Ball
2-0: Foul Ball, location: 2F
2-1: Foul Ball, location: 2F
2-2: Foul Ball, location: 2F
2-2: Fly out, F3 (Line Drive, 3, EV 66.9 MPH)
Pitching: RHP Pedro Rodríguez
Batting: LHB Thomas Nealy 0-0: Ball
1-0: Called Strike
1-1: Ball
2-1: Foul Ball, location: 2F
2-2: Strikes out looking
Batting: RHB Gabriel Martínez 0-0: Foul Ball, location: 2F
0-1: Foul Ball, location: 2F
0-2: Strikes out swinging, 2-3 out at first.
Bottom of the 6th over - 0 runs, 0 hits, 0 errors, 0 left on base; Sunset District 8 - Athletic Club KC 0
TOP OF THE 7TH
Sunset District Fog batting - Pitching for Athletic Club KC Reserves : RHP Lucas Thomas
Batting: LHB Bradley Wilson 0-0: Swinging Strike
0-1: Ball
1-1: Foul Ball, location: 2F
1-2: Foul Ball, location: 2F
1-2: Ground out 4-3 (Groundball, 4, EV 81.2 MPH)
Batting: RHB Brandon Wilson 0-0: Ball
1-0: Called Strike
1-1: Called Strike
1-2: Foul Ball, location: 2F
1-2: Ground out 6-3 (Groundball, 6, EV 108.1 MPH)
Batting: LHB Juan Fuentes 0-0: Fly out, F7 (Flyball, 7LM, EV 88.1 MPH)
Top of the 7th over - 0 runs, 0 hits, 0 errors, 0 left on base; Sunset District 8 - Athletic Club KC 0
BOTTOM OF THE 7TH
Athletic Club KC Reserves batting - Pitching for Sunset District Fog : RHP Pedro Rodríguez
Batting: RHB Marcos Quintana 0-0: Called Strike
0-1: Foul Ball, location: 2F
0-2: Strikes out looking
Batting: SHB Gary Hopkins 0-0: Ball
1-0: Called Strike
1-1: Swinging Strike
1-2: Foul Ball, location: 2F
1-2: Ball
2-2: Ball
3-2: Base on Balls
Batting: RHB Dick Barnett 0-0: Ball
1-0: Called Strike
1-1: Ball
2-1: Ball
3-1: Foul Ball, location: 2F
3-2: Base on Balls
Gary Hopkins to second
Batting: LHB Oriol Fernández 0-0: Swinging Strike
0-1: Foul Ball, location: 2F
0-2: Foul Ball, location: 2F
0-2: Ball
1-2: Strikes out swinging
Batting: SHB Michael Evershed 0-0: SINGLE (Line Drive, 6M, EV 98.8 MPH)
Gary Hopkins to third
Dick Barnett to second
Runner from 3rd tries for Home, throw by CF and OUT! 8-2
Bottom of the 7th over - 0 runs, 1 hit, 0 errors, 2 left on base; Sunset District 8 - Athletic Club KC 0
TOP OF THE 8TH
Sunset District Fog batting - Pitching for Athletic Club KC Reserves : RHP Lucas Thomas
Batting: RHB Nicodemo Nardone 0-0: Foul Ball, location: 2F
0-1: Ball
1-1: Called Strike
1-2: Ball
2-2: Ball
3-2: Base on Balls
Pitching: RHP Rick Knapp
Batting: RHB Tokaji Heida 0-0: Called Strike
0-1: Swinging Strike
0-2: Ball
1-2: Foul Ball, location: 2F
1-2: Fly out, F8 (Flyball, 89D, EV 90.0 MPH)
Batting: RHB Denis Taylor 0-0: Ball
1-0: Ball
2-0: Swinging Strike
2-1: Called Strike
2-2: Strikes out swinging
Batting: LHB Jorge Peniche 0-0: Ball
1-0: SINGLE (Flyball, 9LS, EV 93.1 MPH)
Nicodemo Nardone to second
Batting: LHB Flint Myers 0-0: Ground out 4-3 (Groundball, 3D, EV 99.4 MPH)
Top of the 8th over - 0 runs, 1 hit, 0 errors, 2 left on base; Sunset District 8 - Athletic Club KC 0
BOTTOM OF THE 8TH
Athletic Club KC Reserves batting - Pitching for Sunset District Fog : RHP Pedro Rodríguez
Batting: LHB Miguel Fernández 0-0: Ball
1-0: SOLO HOME RUN (Flyball, 89XD, EV 96.9 MPH), Distance : 377 ft
Pinch Hitting: RHB José García 0-0: Ball
1-0: Called Strike
1-1: Ground out 5-3 (Groundball, 56S, EV 89.4 MPH)
Batting: LHB Thomas Nealy 0-0: Ball
1-0: Ball
2-0: Foul Ball, location: 2F
2-1: Foul Ball, location: 2F
2-2: Strikes out looking
Batting: RHB Gabriel Martínez 0-0: Ball
1-0: Ball
2-0: Foul Ball, location: 2F
2-1: Swinging Strike
2-2: Ball
3-2: Strikes out swinging
Bottom of the 8th over - 1 run, 1 hit, 0 errors, 0 left on base; Sunset District 8 - Athletic Club KC 1
TOP OF THE 9TH
Sunset District Fog batting - Pitching for Athletic Club KC Reserves : RHP Rick Knapp
Pitching: RHP Grant Gremel
Now in CF: José García
Batting: RHB A.T. Tappman 0-0: Called Strike
0-1: Ball
1-1: Ball
2-1: Ball
3-1: Called Strike
3-2: Base on Balls
Batting: LHB Bradley Wilson 0-0: Foul Ball, location: 2F
0-1: Ball
1-1: Foul Ball, location: 2F
1-2: Ball
2-2: Strikes out swinging
Batting: RHB Brandon Wilson 0-0: Called Strike
0-1: Ball
1-1: Ball
2-1: Swinging Strike
2-2: Ground out 6-3 (Groundball, 6S, EV 65.6 MPH)
A.T. Tappman to second
Batting: LHB Juan Fuentes 0-0: Ball
1-0: Ball
2-0: Ball
3-0: Base on Balls
Batting: RHB Nicodemo Nardone 0-0: Called Strike
0-1: Called Strike
0-2: Strikes out looking
Top of the 9th over - 0 runs, 0 hits, 0 errors, 2 left on base; Sunset District 8 - Athletic Club KC 1
BOTTOM OF THE 9TH
Athletic Club KC Reserves batting - Pitching for Sunset District Fog : RHP Pedro Rodríguez
Batting: RHB Marcos Quintana 0-0: Ball
1-0: Ground out 5-3 (Groundball, 56, EV 86.2 MPH)
Pitching: LHP Batu Khan
Batting: SHB Gary Hopkins 0-0: Ball
1-0: Called Strike
1-1: Swinging Strike
1-2: Strikes out swinging
Batting: RHB Dick Barnett 0-0: Ball
1-0: Called Strike
1-1: Ground out 6-3 (Groundball, 6, EV 88.8 MPH)
Bottom of the 9th over - 0 runs, 0 hits, 0 errors, 0 left on base; Sunset District 8 - Athletic Club KC 1
Friday, March 26th, 2021 - OOTP Baseball 20.8 Build 74